 Dungeon Crawl Stone Soup version 0.21-a0-508-gf08a75f (webtiles) character file.

108 Gerstahl the Skirmisher (level 4, 0/44 HPs)
             Began as a Naga Skald on Nov 28, 2017.
             Slain by an orc
             ... wielding a +0 flail
              (7 damage)
             ... on level 3 of the Dungeon.
             The game lasted 00:04:39 (1961 turns).

Gerstahl the Skirmisher (Naga Skald)                Turns: 1961, Time: 00:04:40

Health: 0/44       AC:  4    Str: 15    XL:     4   Next: 87%
Magic:  1/7        EV:  9    Int: 13    God:
Gold:   276        SH:  0    Dex: 10    Spells: 6/7 levels left

rFire    . . .     SeeInvis +   a - +0 falchion
rCold    . . .     Gourm    .   (no shield)
rNeg     . . .     Faith    .   b - +0 leather armour
rPois    +         Spirit   .   g - +2 hat
rElec    .         Reflect  .   (no cloak)
rCorr    .         Harm     .   (no gloves)
MR       .....                  (no barding)
Stlth    ..........             (no amulet)
HPRegen  0.14/turn              t - ring of loudness (curse)
MPRegen  0.10/turn              (no ring)

@: very slow
A: large, see invisible, deformed body, poison resistance, slowness 2, slow
metabolism 1, spit poison 1, AC +1
a: Spit Poison


You were on level 3 of the Dungeon.
You were not hungry.

You visited 1 branch of the dungeon, and saw 3 of its levels.

You collected 276 gold pieces.

Inventory:

Hand Weapons
 a - a +0 falchion (weapon)
Armour
 b - a +0 leather armour (worn)
 g - a +2 hat (worn)
Jewellery
 t - a cursed ring of loudness (left hand)
Wands
 u - a wand of enslavement (19)
Scrolls
 h - a scroll of immolation
 k - a scroll of fear {unknown}
 l - a scroll of blinking {unknown}
 m - a scroll of remove curse {unknown}
 p - a scroll of identify
 r - a scroll of teleportation {unknown}
 s - a scroll of magic mapping {unknown}
Potions
 e - a potion of heal wounds {unknown}
 f - 2 potions of curing {unknown}
 i - 3 potions of agility {unknown}
 j - a potion of brilliance {unknown}
 o - a potion of degeneration {unknown}
 q - a potion of might {unknown}
Books
 c - a book of Battle

   Spells                             Type                      Level
   a - Infusion                       Charms                       1
   b - Shroud of Golubria             Charms/Translocation         2
   c - Song of Slaying                Charms                       2
   d - Spectral Weapon                Hexes/Charms                 3
   e - Regeneration                   Charms/Necromancy            3
Comestibles
 d - a bread ration
 n - a meat ration
 v - 3 chunks of flesh


   Skills:
 + Level 3.7 Fighting
 + Level 3.7 Long Blades
 - Level 0.7 Armour
 - Level 1.5 Dodging
 - Level 2.0 Spellcasting
 - Level 3.0 Charms


You had 6 spell levels left.
You knew the following spells:

 Your Spells              Type           Power        Failure   Level  Hunger
a - Infusion              Chrm           #...         9%          1    ##.....


Dungeon Overview and Level Annotations

Branches:
Dungeon (3/15)

Altars:


Innate Abilities, Weirdness & Mutations

You cannot wear boots.
Your serpentine skin is tough. (AC +1)
You have supernaturally acute eyesight. (SInv)
Armour fits poorly on your strangely shaped body.
Your system is resistant to poisons. (rPois)
You cover ground very slowly.
You have a slow metabolism.
You can spit poison.


Message History

You hit the phantom.
The phantom is lightly damaged.
You slash the phantom!
The phantom is moderately damaged.
The phantom blinks!
You slash the goblin!
You kill the goblin!
The phantom hits you. The phantom barely misses you.
You hit the phantom.
The phantom is heavily damaged.
You are no longer magically infusing your attacks.
The orc hits you with a flail! The phantom hits you.
You hit the phantom but do no damage.
The phantom is heavily damaged.
The phantom hits you.
The phantom blinks!
The orc hits you with a flail!
* * * LOW HITPOINT WARNING * * *
You hit the orc.
The orc is lightly wounded.
The phantom blinks!
The orc hits you with a flail!
You die...

###### #....# #
##....# .. ......#
##. ##....# ...
#.....# #.#
...)÷.############).#
.#######...§...§@o.#
........>###########
.....##### .....#
.....# ######


You could see an orc.

Vanquished Creatures
  2 adders (D:2)
  4 gnolls (D:3)
  2 oozes (D:2)
  A worm (D:2)
  2 dart slugs
  3 orcs (D:3)
  A bat (D:1)
  A giant cockroach (D:2)
  4 goblins
  7 hobgoblins
  3 jackals (D:1)
  A kobold (D:3)
  5 rats
36 creatures vanquished.

Notes
Turn   | Place    | Note
-------+----------+-------------------------------------------
     0 | D:1      | Gerstahl the Naga Skald began the quest for the Orb.
     0 | D:1      | Reached XP level 1. HP: 19/19 MP: 3/3
   139 | D:1      | Reached XP level 2. HP: 26/27 MP: 5/5
   761 | D:2      | Reached XP level 3. HP: 28/33 MP: 6/6
  1203 | D:2      | Reached XP level 4. HP: 20/42 MP: 7/7
  1942 | D:3      | Noticed a phantom
  1961 | D:3      | Slain by an orc

Vault maps used:
D:1:      minmay_arrival_wavy_path

Skill      XL: |  1  2  3 |
---------------+----------+-----
Fighting       | 3 |  3.7
Long Blades    | 3 |  3.7
Armour         | |  0.7
Dodging        | |  1.5
Spellcasting   | |  2.0
Charms         | |  3.0

Action                   |  1- 3 |  4- 6 || total
-------------------------+-------+-------++-------
Melee: Falchion          |    98 |    25 ||   123
 Cast: Infusion          |       |     2 ||     2
 Abil: Spit Poison       |    18 |     9 ||    27
  Use: Scroll            |       |     1 ||     1
  Eat: Chunk             |       |     4 ||     4
Armor: Leather armour    |    32 |     5 ||    37
Dodge: Dodged            |    62 |    11 ||    73
       Rpst.: Falchion   |    20 |     5 ||    25

Table legend:
 A = Spawn XP
 B = Non-spawn XP
 C = Spawn XP percentage of total XP
 D = Spawn monster count
 E = Non-spawn monster count
 F = Spawn count percentage of total count
 G = Total turns spent on level
                    A         B        C        D         E        F      G
               +---------+---------+-------+---------+---------+-------+---------
         Total |       0 |     155 |   0.0 |       0 |      36 |   0.0 |  1961
               +---------+---------+-------+---------+---------+-------+---------
           D:1 |       0 |      21 |   0.0 |       0 |      11 |   0.0 |   603
           D:2 |       0 |      62 |   0.0 |       0 |      13 |   0.0 |   923
           D:3 |       0 |      72 |   0.0 |       0 |      12 |   0.0 |   435
               +---------+---------+-------+---------+---------+-------+---------
